[Event "GER-ch Youth U12 2020"]
[Site "Willingen"]
[Date "2020.10.28"]
[Round "2.27"]
[White "Werner, Florin"]
[Black "Detjen, Mattes"]
[Result "1-0"]
[ECO "C96"]
[WhiteElo "1481"]
[BlackElo "1190"]
[Annotator "NA RC"]
[PlyCount "53"]
[EventDate "2020.10.27"]
[EventType "swiss"]
[EventRounds "7"]
[EventCountry "GER"]
[SourceTitle "playchess.com"]
[Source "ChessBase"]
[SourceQuality "1"]
[TimeControl "40/5400+30:1800+30"]

1. e4 e5 2. Nf3 Nc6 3. Bb5 a6 4. Ba4 Nf6 5. O-O Be7 6. Re1 b5 7. Bb3 O-O 8. c3 Na5 9. Bc2 d6 10. h3 Bb7 11. d4 c6 12. Nbd2 Qc7 13. Nf1 Rad8 14. Ng3 h6 15. Nh4 d5 16. Nhf5 dxe4 17. Bxe4 Nxe4 18. Nxe4 Qd7 19. Qg4 g6 20. Nxh6+ Kh7 21. Qxd7 Rxd7 22. dxe5 Nc4 23. Ng4 f5 24. exf6 Bd6 25. Bh6 Rfd8 26. Ng5+ Kg8 27. Bg7 1-0

[Event "GER-ch Youth U12 2020"]
[Site "Willingen"]
[Date "2020.10.28"]
[Round "2.28"]
[White "Bondarcuks, Timurs"]
[Black "Brandstrup, Luca Alexander"]
[Result "0-1"]
[ECO "A22"]
[WhiteElo "1198"]
[BlackElo "1575"]
[Annotator "NA RC"]
[PlyCount "76"]
[EventDate "2020.10.27"]
[EventType "swiss"]
[EventRounds "7"]
[EventCountry "GER"]
[SourceTitle "playchess.com"]
[Source "ChessBase"]
[SourceQuality "1"]
[TimeControl "40/5400+30:1800+30"]

1. c4 e5 2. Nc3 Nf6 3. g3 d5 4. e3 d4 5. exd4 exd4 6. Nb5 a6 7. Na3 c5 8. d3 Bd6 9. Bg2 O-O 10. Ne2 Nc6 11. O-O Bf5 12. Bf4 Rb8 13. Nc2 Ne5 14. Bxe5 Bxe5 15. b4 b6 16. Re1 Qd7 17. Nc3 Bxg3 18. fxg3 dxc3 19. Ne3 cxb4 20. Nxf5 Qxf5 21. Rf1 Qc5+ 22. Kh1 Rbd8 23. Rf3 Ng4 24. Qf1 Ne3 25. Qe2 Nxg2 26. Qxg2 Qd4 27. Re1 Rfe8 28. Ref1 f6 29. Qh3 Re3 30. Rf5 Qxd3 31. Rd5 Rxd5 32. cxd5 Qxd5+ 33. Qg2 Qxg2+ 34. Kxg2 Re2+ 35. Kh3 Rxa2 36. Re1 Kf7 37. Rd1 Rd2 38. Rc1 c2 0-1

[Event "GER-ch Youth U12 2020"]
[Site "Willingen"]
[Date "2020.10.28"]
[Round "3.1"]
[White "von Mettenheim, Johannes"]
[Black "Sundui, Chinguun"]
[Result "1-0"]
[ECO "A40"]
[WhiteElo "1995"]
[BlackElo "1788"]
[Annotator "ChessBase"]
[PlyCount "65"]
[EventDate "2020.10.27"]
[EventType "swiss"]
[EventRounds "7"]
[EventCountry "GER"]
[SourceTitle "playchess.com"]
[Source "ChessBase"]
[SourceQuality "1"]
[TimeControl "40/5400+30:1800+30"]

1. d4 Nf6 2. c4 e6 3. g3 Bb4+ 4. Bd2 Qe7 5. Bg2 O-O 6. Nf3 Nc6 7. O-O Bxd2 8. Nbxd2 d6 9. Qc2 e5 10. d5 Nb8 11. Rfc1 Nbd7 12. Nh4 g6 13. b4 b6 14. Nb3 Bb7 15. e4 c5 16. dxc6 Bxc6 17. Qd3 Rfd8 18. a4 Nf8 19. Bf3 Ne6 20. Qe3 Rac8 21. a5 Qb7 22. axb6 axb6 23. c5 dxc5 24. bxc5 Nd4 25. cxb6 Qxb6 26. Nxd4 Rxd4 27. Nf5 gxf5 28. Qg5+ Kf8 29. Qxf6 Rdd8 30. exf5 Qb2 31. Bxc6 Rd2 32. Qh6+ Ke7 33. Ra7+ 1-0

[Event "GER-ch Youth U12 2020"]
[Site "Willingen"]
[Date "2020.10.28"]
[Round "3.2"]
[White "Kempe, Caius Emilian"]
[Black "Hoppstädter, Daniel"]
[Result "1-0"]
[ECO "E83"]
[WhiteElo "1840"]
[BlackElo "1712"]
[Annotator "NA"]
[PlyCount "116"]
[EventDate "2020.10.27"]
[EventType "swiss"]
[EventRounds "7"]
[EventCountry "GER"]
[SourceTitle "playchess.com"]
[Source "ChessBase"]
[SourceQuality "1"]
[TimeControl "40/5400+30:1800+30"]

1. d4 Nf6 2. c4 g6 3. Nc3 Bg7 4. e4 d6 5. f3 Nc6 6. Be3 O-O 7. Nge2 e5 8. d5 Ne7 9. Qd2 Nd7 10. g4 f5 11. gxf5 gxf5 12. O-O-O f4 13. Bf2 Nf6 14. Kb1 Ng6 15. Nc1 Bd7 16. c5 Rf7 17. Bc4 Bh3 18. Rhg1 Bf8 19. Nd3 a6 20. Bb3 b6 21. cxb6 cxb6 22. Rc1 Nd7 23. Nb4 Nc5 24. Nc6 Qc8 25. Na4 Qb7 (25... Rb7 $16 {was called for.} 26. Nxc5 bxc5) 26. Nxc5 bxc5 27. Bxc5 dxc5 28. Nxe5 Rf6 29. Nxg6 hxg6 30. e5 Bf5+ 31. Ka1 Rb6 32. Qxf4 Kh7 33. Qe3 Rb8 34. d6 Rxb3 35. Qxb3 Qxb3 36. axb3 Rb5 37. Rc4 Bg7 38. f4 Rxb3 39. Rxc5 Rb4 40. Ra5 Rxf4 41. Re1 Be6 42. Rxa6 Bxe5 $2 (42... Rf7 $16 {is a better defense.} 43. b4 Kh6) 43. Ra5 Bxd6 44. Rxe6 Rf1+ 45. Ka2 Bxh2 46. Rg5 Rf2 47. Rgxg6 Be5 48. Rh6+ Kg7 49. Rxe5 Kxh6 50. Ka3 $18 Kg6 51. b4 Kf6 52. Re3 Rf1 53. Ka4 Rh1 54. Ka5 Rh8 55. b5 Ra8+ 56. Kb6 Rb8+ 57. Ka6 Ra8+ 58. Kb7 Ra1 1-0

[Event "GER-ch Youth U12 2020"]
[Site "Willingen"]
[Date "2020.10.28"]
[Round "3.3"]
[White "Navarro Jahnke, Leo"]
[Black "Toth, Luca"]
[Result "1/2-1/2"]
[ECO "A45"]
[WhiteElo "1686"]
[BlackElo "1680"]
[Annotator "NA"]
[PlyCount "80"]
[EventDate "2020.10.27"]
[EventType "swiss"]
[EventRounds "7"]
[EventCountry "GER"]
[SourceTitle "playchess.com"]
[Source "ChessBase"]
[SourceQuality "1"]
[TimeControl "40/5400+30:1800+30"]

1. d4 Nf6 2. Bf4 g6 3. e3 Bg7 4. c4 O-O 5. Nc3 d6 6. h3 Nbd7 7. Nf3 Qe8 8. Be2 e5 9. Bh2 exd4 10. exd4 Qe7 11. O-O a6 12. Re1 Re8 13. Bd3 Qf8 14. Qc2 b6 15. Rxe8 Qxe8 16. Re1 Qf8 17. Ne4 Bb7 18. d5 Nxe4 19. Rxe4 Nc5 20. Re1 Nxd3 21. Qxd3 Bxb2 22. Nd4 Bxd4 23. Qxd4 Re8 24. Rxe8 Qxe8 25. Bf4 Qe7 26. Bd2 Qe5 27. Qxe5 dxe5 28. f3 a5 29. Bg5 Ba6 30. Bd8 Bxc4 31. Bxc7 Bxd5 32. Bxb6 Bxa2 33. Bxa5 f5 34. Bc3 e4 35. fxe4 fxe4 36. Kf2 Bc4 37. g3 Kf7 38. Be5 Ke6 39. Bb8 h6 40. h4 h5 1/2-1/2

[Event "GER-ch Youth U12 2020"]
[Site "Willingen"]
[Date "2020.10.28"]
[Round "3.4"]
[White "Nitsche, Nikolai"]
[Black "Kieselbach, Jannik"]
[Result "1-0"]
[ECO "D02"]
[WhiteElo "1721"]
[BlackElo "1453"]
[Annotator "NA"]
[PlyCount "143"]
[EventDate "2020.10.27"]
[EventType "swiss"]
[EventRounds "7"]
[EventCountry "GER"]
[SourceTitle "playchess.com"]
[Source "ChessBase"]
[SourceQuality "1"]
[TimeControl "40/5400+30:1800+30"]

1. d4 d5 2. Nf3 Nf6 3. Bf4 Bf5 4. e3 e6 5. Bd3 Bg6 6. c3 Bd6 7. Ne5 Nbd7 8. Nxg6 hxg6 9. Bxd6 cxd6 10. a4 a6 11. a5 Ne4 12. Bxe4 dxe4 13. Nd2 d5 14. c4 Rc8 15. c5 Nb8 16. b4 Nc6 17. Qb3 Na7 18. Nb1 Nb5 19. Na3 Qd7 20. Nxb5 Qxb5 21. Qa4 Qxa4 22. Rxa4 Kd7 23. Kd2 Kc6 24. Kc3 Kb5 25. Kb3 Rh4 26. Ra2 Rch8 27. Rc2 Kc6 28. h3 g5 29. Rb1 g4 30. hxg4 Rxg4 31. g3 Rg6 32. Ka4 Rb8 33. b5+ axb5+ 34. Rxb5 Ra8 35. Rb6+ Kc7 36. c6 bxc6 37. Rcxc6+ Kd7 38. Kb5 Rh6 39. Rb7+ Ke8 40. a6 Rh1 41. Kb6 Kd8 42. Rd6+ Ke8 43. a7 Rc8 44. Rbd7 Rb1+ 45. Ka6 Rb2 46. Rd8+ Rxd8 47. Rxd8+ Kxd8 48. a8=Q+ Ke7 49. Qh8 Rxf2 50. Qxg7 Ra2+ 51. Kb5 Rb2+ 52. Ka4 Ra2+ 53. Kb3 Ra1 54. g4 Rf1 55. Kc3 Rf3 56. Kd2 Ke8 57. Ke2 Ke7 58. g5 Ke8 59. Qh7 Kf8 60. Qh6+ Ke7 61. Qg7 Ke8 62. Kd2 Rf2+ 63. Kc3 Rf3 64. Kb4 Rxe3 65. Kc5 Ra3 66. Kd6 Ra6+ 67. Ke5 Ra2 68. Qh8+ Ke7 69. Qf6+ Kf8 70. g6 Ra7 71. Qh8+ Ke7 72. Qh7 1-0

[Event "GER-ch Youth U12 2020"]
[Site "Willingen"]
[Date "2020.10.28"]
[Round "3.5"]
[White "Kiefhaber, Tobias"]
[Black "Payyappat, Sreyas"]
[Result "0-1"]
[ECO "D02"]
[WhiteElo "1542"]
[BlackElo "2144"]
[Annotator "NA RC"]
[PlyCount "64"]
[EventDate "2020.10.27"]
[EventType "swiss"]
[EventRounds "7"]
[EventCountry "GER"]
[SourceTitle "playchess.com"]
[Source "ChessBase"]
[SourceQuality "1"]
[TimeControl "40/5400+30:1800+30"]

1. d4 Nf6 2. Nf3 d5 3. Bf4 c5 4. c3 cxd4 5. cxd4 Qb6 6. Qc2 Nc6 7. a3 Bf5 8. Qc1 Na5 9. Nbd2 (9. Nfd2 $17) 9... Rc8 10. Qd1 Qxb2 11. e3 (11. e4 {was worth a try.} Bxe4 12. Be2) 11... e6 12. Be2 Bc2 13. Qc1 Qxc1+ 14. Rxc1 Bxa3 15. Ra1 Bb4 16. O-O O-O 17. Rfc1 Ne4 18. Ra2 Nc3 {[%emt 0:00:13] Double Attack} (18... Nxd2 $2 19. Raxc2 Rxc2 20. Rxc2 $19) (18... Bxd2 $2 19. Rcxc2 Bb4 20. Bf1 $19) 19. Rcxc2 Nxe2+ 20. Kf1 Nxf4 21. exf4 $19 Rxc2 22. Rxc2 b5 23. Ne5 Bxd2 24. Rxd2 Nc4 25. Ra2 Nxe5 26. fxe5 Ra8 27. Ra5 a6 28. Ke2 Kf8 29. Kd3 Ke7 30. f4 Kd7 31. g4 Kc6 32. f5 Kb6 0-1

[Event "GER-ch Youth U12 2020"]
[Site "Willingen"]
[Date "2020.10.28"]
[Round "3.6"]
[White "Sauer, Tim"]
[Black "Zobel, Christian"]
[Result "1-0"]
[ECO "A36"]
[WhiteElo "1729"]
[BlackElo "1521"]
[Annotator "NA"]
[PlyCount "93"]
[EventDate "2020.10.27"]
[EventType "swiss"]
[EventRounds "7"]
[EventCountry "GER"]
[SourceTitle "playchess.com"]
[Source "ChessBase"]
[SourceQuality "1"]
[TimeControl "40/5400+30:1800+30"]

1. c4 c5 2. Nc3 Nc6 3. g3 e6 4. Bg2 Nf6 5. Nf3 Be7 6. O-O O-O 7. d4 cxd4 8. Nxd4 Bb4 9. e4 Bxc3 10. bxc3 Na5 11. Qa4 d6 12. Ba3 Bd7 13. Qb4 Rc8 14. Qxd6 Nxc4 15. Qxf8+ Qxf8 16. Bxf8 Kxf8 17. Rfc1 b6 18. f3 Ne8 19. Kf2 Ned6 20. Bf1 e5 21. Nc2 Nb2 22. Nb4 Na4 23. Nd5 Be6 24. c4 f6 25. Rc2 Bxd5 26. exd5 Nc5 27. g4 Kf7 28. Ke3 Rc7 29. h4 Re7 30. Bd3 e4 31. fxe4 Nxd3 32. Kxd3 Rxe4 33. Rg1 h5 34. gxh5 Rxh4 35. c5 bxc5 36. Rxc5 Rxh5 37. Rc7+ Kf8 38. Rgxg7 Rxd5+ 39. Kc2 Rh5 40. Rh7 Rxh7 41. Rxh7 Nf7 42. Rh4 Kg7 43. Ra4 Kg6 44. Rxa7 f5 45. Kd2 f4 46. a4 f3 47. Rxf7 1-0

[Event "GER-ch Youth U12 2020"]
[Site "Willingen"]
[Date "2020.10.28"]
[Round "3.7"]
[White "Eichhorn, Valentin"]
[Black "Udelnov, Valentin"]
[Result "0-1"]
[ECO "A45"]
[WhiteElo "1545"]
[BlackElo "1691"]
[Annotator "NA"]
[PlyCount "60"]
[EventDate "2020.10.27"]
[EventType "swiss"]
[EventRounds "7"]
[EventCountry "GER"]
[SourceTitle "playchess.com"]
[Source "ChessBase"]
[SourceQuality "1"]
[TimeControl "40/5400+30:1800+30"]

1. d4 Nf6 2. Bg5 g6 3. Bxf6 exf6 4. Nf3 Bg7 5. e3 O-O 6. c4 c5 7. d5 f5 8. Nc3 d6 9. Be2 Nd7 10. Qc2 Nf6 11. h3 Qa5 12. Nd2 Ne4 13. Ndxe4 fxe4 14. O-O f5 15. Rfc1 Qd8 16. Rab1 a5 17. Qd2 Be5 18. g3 g5 19. f4 exf3 20. Bxf3 g4 21. hxg4 fxg4 22. Be4 Bxg3 23. Qg2 Bf2+ 24. Qxf2 Rxf2 25. Kxf2 Qg5 26. Rg1 Bf5 27. Bxf5 Qxf5+ 28. Ke2 Qc2+ 29. Ke1 h5 30. Rh1 Re8 0-1

[Event "GER-ch Youth U12 2020"]
[Site "Willingen"]
[Date "2020.10.28"]
[Round "3.8"]
[White "Sommer, Justus"]
[Black "Winkler, Yonathan"]
[Result "1/2-1/2"]
[ECO "C47"]
[WhiteElo "1845"]
[BlackElo "1680"]
[Annotator "NA"]
[PlyCount "72"]
[EventDate "2020.10.27"]
[EventType "swiss"]
[EventRounds "7"]
[EventCountry "GER"]
[SourceTitle "playchess.com"]
[Source "ChessBase"]
[SourceQuality "1"]
[TimeControl "40/5400+30:1800+30"]

1. e4 e5 2. Nf3 Nf6 3. Nc3 Nc6 4. d4 exd4 5. Nxd4 Bb4 6. Nxc6 bxc6 7. Bd3 d5 8. exd5 O-O 9. O-O cxd5 10. Bg5 Bb7 11. Qf3 Be7 12. Rfe1 h6 13. Bh4 Re8 14. Bxf6 Bxf6 15. Rxe8+ Qxe8 16. Nxd5 Bxd5 17. Qxd5 Bxb2 18. Rb1 Rb8 19. Bc4 c6 20. Qf3 Rb6 21. Rd1 Bf6 22. Bd3 Qe5 23. g3 g6 24. Be4 Rb2 25. a3 Qe6 26. Qd3 Kg7 27. Rd2 Rb8 28. Re2 Qh3 29. Re1 Rd8 30. Qe3 Bd4 31. Qf3 Rd6 32. Rf1 Rf6 33. Qd3 Rd6 34. Bg2 Qh5 35. Kh1 Qc5 $17 36. Rd1 Be5 1/2-1/2

[Event "GER-ch Youth U12 2020"]
[Site "Willingen"]
[Date "2020.10.28"]
[Round "3.9"]
[White "Klaska, Philipp Leon"]
[Black "Fruth, David"]
[Result "1-0"]
[ECO "B72"]
[WhiteElo "1716"]
[BlackElo "1665"]
[Annotator "NA"]
[PlyCount "49"]
[EventDate "2020.10.27"]
[EventType "swiss"]
[EventRounds "7"]
[EventCountry "GER"]
[SourceTitle "playchess.com"]
[Source "ChessBase"]
[SourceQuality "1"]
[TimeControl "40/5400+30:1800+30"]

1. e4 c5 2. Nf3 g6 3. d4 Bg7 4. Nc3 cxd4 5. Nxd4 Nc6 6. Be3 Nf6 7. Be2 O-O 8. Qd2 d6 9. O-O-O Bd7 10. h4 Rc8 11. h5 Nb4 12. Kb1 d5 13. e5 Nxh5 14. Bxh5 gxh5 15. Bh6 Qb6 16. Bxg7 Kxg7 17. Rxh5 f6 18. Qh6+ Kf7 19. Qxh7+ Ke8 20. Nf5 Bxf5 21. Qxf5 Rxc3 22. exf6 Nxc2 23. f7+ Kd8 24. Rxd5+ Kc7 25. Qe5+ 1-0

[Event "GER-ch Youth U12 2020"]
[Site "Willingen"]
[Date "2020.10.28"]
[Round "3.10"]
[White "Uhlmann, Tim"]
[Black "Deschler, Arne"]
[Result "1/2-1/2"]
[ECO "B75"]
[WhiteElo "1523"]
[BlackElo "1671"]
[Annotator "NA"]
[PlyCount "88"]
[EventDate "2020.10.27"]
[EventType "swiss"]
[EventRounds "7"]
[EventCountry "GER"]
[SourceTitle "playchess.com"]
[Source "ChessBase"]
[SourceQuality "1"]
[TimeControl "40/5400+30:1800+30"]

1. e4 c5 2. Nf3 d6 3. d4 cxd4 4. Nxd4 Nf6 5. Nc3 g6 6. Be3 Bg7 7. f3 a6 8. Qd2 b5 9. O-O-O Bb7 10. g4 b4 11. Na4 a5 12. Bb5+ Nfd7 13. h4 Ba6 14. Bxa6 Nxa6 15. h5 Ne5 16. b3 Nc5 17. h6 Bf6 18. g5 Nxa4 19. bxa4 Nc4 20. Qe2 Nxe3 21. Qxe3 Bxd4 22. Qxd4 Rg8 23. f4 Qc7 24. Rhe1 O-O-O 25. Qd5 e6 26. Qb5 Qc5 27. Re2 Rd7 28. Red2 Rgd8 29. Qxc5+ dxc5 30. Rxd7 Rxd7 31. Rxd7 Kxd7 32. Kd2 Kd6 33. Kd3 e5 34. f5 Kd7 35. Kc4 Kc6 36. fxg6 fxg6 37. c3 bxc3 38. Kxc3 Kd6 39. Kc4 Kc6 40. a3 Kd6 41. Kb5 c4 42. Kxc4 Kc6 43. Kd3 Kc5 44. Kc3 Kb6 1/2-1/2

[Event "GER-ch Youth U12 2020"]
[Site "Willingen"]
[Date "2020.10.28"]
[Round "3.11"]
[White "Gärtner, Alessandro"]
[Black "Haubold, Sebastian Marcel"]
[Result "0-1"]
[ECO "A48"]
[WhiteElo "1251"]
[BlackElo "1769"]
[Annotator "NA"]
[PlyCount "118"]
[EventDate "2020.10.27"]
[EventType "swiss"]
[EventRounds "7"]
[EventCountry "GER"]
[SourceTitle "playchess.com"]
[Source "ChessBase"]
[SourceQuality "1"]
[TimeControl "40/5400+30:1800+30"]

1. d4 Nf6 2. Nf3 g6 3. Bf4 Bg7 4. e3 O-O 5. h3 d6 6. Be2 Nc6 7. O-O Nd7 8. Bh2 e5 9. c3 e4 10. Nfd2 f5 11. Bc4+ Kh8 12. b4 Nf6 13. a4 Ne7 14. Qb3 g5 15. Na3 Ng6 16. Rae1 d5 17. Be2 f4 18. Kh1 f3 19. gxf3 Bxh3 20. Rg1 exf3 21. Bxf3 g4 22. Bg2 Bxg2+ 23. Rxg2 Nh4 24. Rg3 Nh5 25. Rxg4 Rxf2 26. Nab1 Qf6 27. Qxd5 Rxh2+ 28. Kxh2 Qf2+ 29. Kh3 Qxe1 30. Qxh5 Qh1+ 31. Kg3 Qg2+ 32. Kxh4 Bf6+ 33. Rg5 Rg8 34. Nf3 Bxg5+ 35. Nxg5 Qh1+ 36. Kg4 Qxb1 37. Qh2 Qd1+ 38. Kh4 Qe1+ 39. Kg4 Rxg5+ 40. Kxg5 Qxe3+ 41. Qf4 Qxf4+ 42. Kxf4 Kg7 43. a5 a6 44. c4 c6 45. d5 cxd5 46. c5 Kf6 47. b5 Ke6 48. c6 Kd6 49. cxb7 Kc7 50. bxa6 h5 51. Kf3 h4 52. Kg4 d4 53. Kxh4 d3 54. Kg3 d2 55. Kf2 d1=Q 56. Ke3 Qe1+ 57. Kd4 Qxa5 58. b8=Q+ Kxb8 59. a7+ Kxa7 0-1

[Event "GER-ch Youth U12 2020"]
[Site "Willingen"]
[Date "2020.10.28"]
[Round "3.12"]
[White "Aravindan, Midhulan"]
[Black "Krüger, Arthur"]
[Result "0-1"]
[ECO "C01"]
[WhiteElo "1565"]
[BlackElo "1704"]
[Annotator "NA"]
[PlyCount "91"]
[EventDate "2020.10.27"]
[EventType "swiss"]
[EventRounds "7"]
[EventCountry "GER"]
[SourceTitle "playchess.com"]
[Source "ChessBase"]
[SourceQuality "1"]
[TimeControl "40/5400+30:1800+30"]

1. e4 e6 2. d4 d5 3. exd5 exd5 4. Bd3 Nf6 5. Nf3 c5 6. Qe2+ Qe7 7. c3 Qxe2+ 8. Bxe2 Nc6 9. Bf4 Bf5 10. Nbd2 cxd4 11. Nxd4 Nxd4 12. cxd4 Bb4 13. a3 Ba5 14. O-O O-O 15. b4 Bb6 16. Nb3 Rfe8 17. Bf3 Be4 18. Bxe4 Rxe4 19. Be5 Nd7 20. Rfe1 Nxe5 21. Rxe4 dxe4 22. dxe5 Re8 23. Nc5 Bxc5 24. bxc5 Rxe5 25. Rc1 Rd5 26. Kf1 g6 27. Ke2 Rd3 28. Rb1 b6 29. cxb6 axb6 30. f3 Rxa3 31. fxe4 Ra6 32. h4 Kf8 33. Ke3 Ke7 34. g4 Ke6 35. Kf4 h6 36. Rb5 Kf6 37. Rd5 Ke6 38. Rb5 Kd6 39. Rd5+ Kc6 40. Ke5 Ra5 41. Kf6 Rxd5 42. exd5+ Kxd5 43. Kxf7 g5 44. Kg6 gxh4 45. Kxh6 h3 46. Kg5 0-1

[Event "GER-ch Youth U12 2020"]
[Site "Willingen"]
[Date "2020.10.28"]
[Round "3.13"]
[White "Bräutigam, Alexander"]
[Black "Weyerer, Noah"]
[Result "1-0"]
[ECO "A91"]
[WhiteElo "1631"]
[BlackElo "1536"]
[Annotator "NA"]
[PlyCount "69"]
[EventDate "2020.10.27"]
[EventType "swiss"]
[EventRounds "7"]
[EventCountry "GER"]
[SourceTitle "playchess.com"]
[Source "ChessBase"]
[SourceQuality "1"]
[TimeControl "40/5400+30:1800+30"]

1. d4 e6 2. c4 f5 3. g3 Nf6 4. Bg2 Be7 5. Nc3 d6 6. Nf3 O-O 7. O-O Ne4 8. Qc2 Nxc3 9. bxc3 Bf6 10. Re1 e5 11. e4 f4 12. Ba3 fxg3 13. fxg3 Nc6 14. d5 Ne7 15. c5 Bg4 16. Rf1 Qd7 17. Rab1 b6 18. c6 Qe8 19. h3 Bxf3 20. Rxf3 Qg6 21. Rbf1 Bg5 22. Kh2 Rxf3 23. Rxf3 Rf8 24. Qf2 Rxf3 25. Qxf3 Qf6 26. Qxf6 gxf6 27. h4 Bd2 28. c4 f5 29. exf5 Nxf5 30. Be4 Ne3 31. Bxd6 Nxc4 32. Bxc7 Bb4 33. Bxe5 Bd6 34. c7 Bxc7 35. Bxc7 1-0

[Event "GER-ch Youth U12 2020"]
[Site "Willingen"]
[Date "2020.10.28"]
[Round "3.14"]
[White "Vecera, Fabio"]
[Black "Korek, Jakob Alexander"]
[Result "0-1"]
[ECO "C44"]
[WhiteElo "1534"]
[BlackElo "1592"]
[Annotator "NA"]
[PlyCount "70"]
[EventDate "2020.10.27"]
[EventType "swiss"]
[EventRounds "7"]
[EventCountry "GER"]
[SourceTitle "playchess.com"]
[Source "ChessBase"]
[SourceQuality "1"]
[TimeControl "40/5400+30:1800+30"]

1. e4 e5 2. Nf3 Nc6 3. d4 exd4 4. Bc4 Bc5 5. c3 Nf6 6. O-O Nxe4 7. Re1 d5 8. Bb5 O-O 9. Bxc6 bxc6 10. Nxd4 Qf6 11. Be3 Qd6 12. Nd2 Nxd2 13. Qxd2 Bb6 14. Bg5 Be6 15. Re2 c5 16. Nxe6 fxe6 17. Rae1 Rae8 18. Re5 c4 19. R1e2 Rxf2 20. Rxf2 Bxf2+ 21. Qxf2 Qxe5 22. Bf4 Qe4 23. Bxc7 Qb1+ 24. Qf1 Qxb2 25. Be5 Qxa2 26. h3 Rf8 27. Qe1 a5 28. Qh4 Qb1+ 29. Kh2 Qb7 30. Qg4 Qe7 31. Bxg7 Qxg7 32. Qxe6+ Qf7 33. Qg4+ Qg6 34. Qd7 Qf5 35. Qa7 Qe5+ 0-1

[Event "GER-ch Youth U12 2020"]
[Site "Willingen"]
[Date "2020.10.28"]
[Round "3.15"]
[White "Brandstrup, Luca Alexander"]
[Black "Haubold, Christian Lucas"]
[Result "0-1"]
[ECO "C45"]
[WhiteElo "1575"]
[BlackElo "1615"]
[Annotator "NA"]
[PlyCount "128"]
[EventDate "2020.10.27"]
[EventType "swiss"]
[EventRounds "7"]
[EventCountry "GER"]
[SourceTitle "playchess.com"]
[Source "ChessBase"]
[SourceQuality "1"]
[TimeControl "40/5400+30:1800+30"]

1. e4 e5 2. Nf3 Nc6 3. d4 exd4 4. Nxd4 Bc5 5. Be3 Qf6 6. c3 Nge7 7. Bc4 O-O 8. O-O b6 9. f3 Bb7 10. b4 Bxd4 11. Bxd4 Nxd4 12. cxd4 Nc6 13. e5 Qf4 14. Bd5 Rad8 15. Bxc6 dxc6 16. g3 Qe3+ 17. Kg2 Rxd4 18. Re1 Rxd1 19. Rxe3 Rfd8 20. Kf2 Ba6 21. Re1 Rxe1 22. Kxe1 Re8 23. f4 f6 24. Nc3 fxe5 25. fxe5 Rxe5+ 26. Kf2 Rf5+ 27. Kg2 Bb7 28. Kh3 Rh5+ 29. Kg4 Rxh2 30. Rd1 Rf2 31. Ne4 Rf8 32. Ng5 h6 33. Nh3 Bc8+ 34. Kh4 g5+ 35. Nxg5 hxg5+ 36. Kxg5 Be6 37. a3 Rf5+ 38. Kg6 Rd5 39. Re1 Bf7+ 40. Kf6 Rd6+ 41. Kf5 Kf8 42. g4 Bb3 43. g5 Rd1 44. Re2 Rf1+ 45. Ke5 Rf7 46. Rh2 Kg7 47. Rh6 Bd5 48. b5 Re7+ 49. Kf5 cxb5 50. Rf6 Rf7 51. Rxf7+ Bxf7 52. Ke5 c5 53. Ke4 b4 54. axb4 cxb4 55. Kd3 b3 56. Kc3 a5 57. Kb2 a4 58. Ka3 b5 59. Kb2 b4 60. g6 Kxg6 61. Ka1 Kg5 62. Kb2 a3+ 63. Kb1 b2 64. Kc2 Ba2 0-1

[Event "GER-ch Youth U12 2020"]
[Site "Willingen"]
[Date "2020.10.28"]
[Round "3.17"]
[White "Torosyan, Bagrat"]
[Black "Berresheim, Nils"]
[Result "0-1"]
[ECO "B94"]
[WhiteElo "1634"]
[BlackElo "1534"]
[Annotator "NA"]
[PlyCount "108"]
[EventDate "2020.10.27"]
[EventType "swiss"]
[EventRounds "7"]
[EventCountry "GER"]
[SourceTitle "playchess.com"]
[Source "ChessBase"]
[SourceQuality "1"]
[TimeControl "40/5400+30:1800+30"]

1. e4 c5 2. Nf3 d6 3. d4 cxd4 4. Nxd4 Nf6 5. Nc3 a6 6. Bg5 Nbd7 7. Qe2 b5 8. O-O-O Bb7 9. f4 h6 10. Bh4 Rc8 11. e5 dxe5 12. fxe5 Nd5 13. Nxd5 Bxd5 14. Nf5 g5 15. Rxd5 e6 16. Nd6+ Bxd6 17. Rxd6 gxh4 18. Rxa6 Rc5 19. Qf3 O-O 20. Be2 Qc8 21. Ra3 Rxc2+ 22. Kb1 Nxe5 23. Qe4 Rc5 24. Qxh4 Qd8 25. Rg3+ Kh7 26. Qb4 Qd5 27. Rd1 Qc6 28. a3 Rc8 29. Qf4 f5 30. Rh3 Nf7 31. Bf3 Qc7 32. Qd2 Rd8 33. Qe3 Rxd1+ 34. Bxd1 Qd6 35. Bb3 Re5 36. Qd3 Re1+ 37. Ka2 Qc6 38. Qd2 Rg1 39. Rg3 Ng5 40. Qc2 Qb6 41. Qd2 Qc6 42. Qc2 Qd6 43. Qf2 Rc1 44. Bc2 Qd5+ 45. Bb3 Qe4 46. Qa7+ Kg6 47. a4 b4 48. Bc2 Qxc2 49. Qa6 Qe4 50. h4 Qd5+ 51. Rb3 Ne4 52. h5+ Kf6 53. g4 Qxb3+ 54. Kxb3 Nc5+ 0-1

[Event "GER-ch Youth U12 2020"]
[Site "Willingen"]
[Date "2020.10.28"]
[Round "3.18"]
[White "Grabs, Peter"]
[Black "Cromm, Mika"]
[Result "1/2-1/2"]
[ECO "C68"]
[WhiteElo "1674"]
[BlackElo "1665"]
[Annotator "NA"]
[PlyCount "77"]
[EventDate "2020.10.27"]
[EventType "swiss"]
[EventRounds "7"]
[EventCountry "GER"]
[SourceTitle "playchess.com"]
[Source "ChessBase"]
[SourceQuality "1"]
[TimeControl "40/5400+30:1800+30"]

1. e4 e5 2. Nf3 Nc6 3. Bb5 a6 4. Bxc6 dxc6 5. Nc3 f6 6. d4 exd4 7. Qxd4 Qxd4 8. Nxd4 Bd7 9. f3 O-O-O 10. Be3 Ne7 11. Kf2 c5 12. Nde2 b6 13. Rad1 Ng6 14. Nd5 Bd6 15. Nxb6+ cxb6 16. Rxd6 Kc7 17. Rhd1 Bb5 18. Rxd8 Rxd8 19. Rxd8 Kxd8 20. Nc3 Bc6 21. b4 cxb4 22. Bxb6+ Kd7 23. Ne2 Ba4 24. Nd4 Ne5 25. Ba5 Nc6 26. Nxc6 Kxc6 27. Bxb4 Bxc2 28. Bc3 Kd6 29. Ke3 Ba4 30. f4 Bc6 31. e5+ fxe5 32. Bxe5+ Ke6 33. Bxg7 Bxg2 34. Kf2 Be4 35. Kg3 Bf5 36. Kh4 Bg6 37. Kg5 Bf5 38. h4 Bg6 39. Be5 1/2-1/2

[Event "GER-ch Youth U12 2020"]
[Site "Willingen"]
[Date "2020.10.28"]
[Round "3.19"]
[White "Chugunov, Ivan"]
[Black "Werner, Florin"]
[Result "0-1"]
[ECO "C02"]
[WhiteElo "1552"]
[BlackElo "1481"]
[Annotator "NA"]
[PlyCount "64"]
[EventDate "2020.10.27"]
[EventType "swiss"]
[EventRounds "7"]
[EventCountry "GER"]
[SourceTitle "playchess.com"]
[Source "ChessBase"]
[SourceQuality "1"]
[TimeControl "40/5400+30:1800+30"]

1. e4 e6 2. d4 d5 3. e5 c5 4. c3 Qb6 5. Nf3 Bd7 6. Bd3 Bb5 7. Bc2 Nc6 8. a4 Ba6 9. Be3 Qxb2 10. Nbd2 Qxc3 11. dxc5 Nxe5 12. Nxe5 Qxe5 13. a5 Rc8 14. Ba4+ Kd8 15. Rc1 Nf6 16. Nf3 Qc7 17. Qd2 Ne4 18. Qb4 Bxc5 19. Bxc5 Nxc5 20. Kd1 Qd6 21. Ng5 Ke7 22. Bc2 h6 23. Nf3 Rc7 24. Qh4+ Kd7 25. Qh5 Kc8 26. Re1 Qf4 27. g3 Qb4 28. Ra1 Qb2 29. Rb1 Qc3 30. Qg4 Nd3 31. Bxd3 Bxd3 32. Nd4 Bc2+ 0-1

[Event "GER-ch Youth U12 2020"]
[Site "Willingen"]
[Date "2020.10.28"]
[Round "3.20"]
[White "Schröder, Jan-Hendrik"]
[Black "Honisch, Alexander"]
[Result "0-1"]
[ECO "C55"]
[WhiteElo "1324"]
[BlackElo "1667"]
[Annotator "NA"]
[PlyCount "30"]
[EventDate "2020.10.27"]
[EventType "swiss"]
[EventRounds "7"]
[EventCountry "GER"]
[SourceTitle "playchess.com"]
[Source "ChessBase"]
[SourceQuality "1"]
[TimeControl "40/5400+30:1800+30"]

1. e4 e5 2. d4 exd4 3. Nf3 Nc6 4. Bc4 Nf6 5. e5 d5 6. Bb5 Ne4 7. Nxd4 Bd7 8. Bxc6 bxc6 9. f3 Qh4+ 10. Ke2 Qf2+ 11. Kd3 Nc5+ 12. Kc3 Na4+ 13. Kd3 c5 14. c4 cxd4 15. b4 Bf5# 0-1